AoeStats
← Jihad Herbie

Coastal Forest

510746354Analyzed
2v2 RM · 1d ago on Oct 2, 2026· 61m 6s· 4 players
Game mode
Random Map
Map size
Medium (4 player)
Population
200
Speed
Normal
Resources
Standard
Victory
Conquest
Starting age
Dark Age
Ending age
Imperial Age
RankedLock teamsTeams togetherTeam positionsShared explorationLock speedFull tech treeHidden civsTurbo modeCheats
Victory
Defeat
🇦🇺 Koreans · Australia
652
+16
🇦🇺 Hindustanis · Australia
651
+17
🇮🇱 Mongols · Israel
773
-21
🇩🇪 Khmer · Germany
551
-12
Polar_Op
11:13 Feudal Age
11:42 Horse Collar
15:13 Double-Bit Axe
21:09 Fletching
24:03 Castle Age
24:57 Bodkin Arrow
25:09 Thumb Ring
24:28 Crossbowman
40:38 Bow Saw
44:25 Imperial Age
44:29 Caravan
45:22 Elite War Wagon
47:37 Two-Man Saw
48:37 Ballistics
49:47 Gold Mining
51:30 Conscription
52:08 Gold Shaft Mining
52:14 Bracer
Jihad Herbie
11:36 Feudal Age
10:53 Loom
13:59 Horse Collar
14:12 Double-Bit Axe
19:35 Bloodlines
19:37 Gold Mining
21:38 Scale Barding Armor
21:44 Forging
23:53 Castle Age
25:19 Husbandry
26:29 Scale Mail Armor
27:12 Gold Shaft Mining
26:49 Heavy Plow
27:06 Bow Saw
31:18 Chain Barding Armor
31:34 Iron Casting
43:22 Imperial Age
45:54 Blast Furnace
45:31 Plate Barding Armor
45:04 Heavy Camel Rider
46:50 Imperial Camel Rider
Wapitidfmp
0:38 Loom
10:13 Feudal Age
11:11 Town Watch
11:40 Double-Bit Axe
13:41 Wheelbarrow
16:38 Gold Mining
26:15 Castle Age
fire.fox.7f
9:36 Feudal Age
17:34 Castle Age
16:14 Stone Mining
16:17 Gold Mining
16:11 Horse Collar
16:44 Double-Bit Axe
21:57 Arson
23:36 Loom
24:11 Fletching
24:21 Padded Archer Armor
26:10 Elite Skirmisher
32:29 Forging
32:20 Scale Mail Armor
36:21 Scale Mail Armor
36:51 Pikeman
39:31 Chain Mail Armor
46:07 Imperial Age
45:23 Iron Casting
45:31 Bow Saw
46:19 Heavy Plow
47:14 Conscription
48:36 Wheelbarrow
50:17 Drill
51:16 Bodkin Arrow
51:14 Onager
52:43 Murder Holes
58:34 Bracer
58:49 Leather Archer Armor
Connection lost

Rejoining the realm…

Still unreachable

The connection could not be restored.

Session expired

The server has moved on; the page needs a fresh start.